 Dungeon Crawl Stone Soup version 0.27.0-1-g7a089689b8 (webtiles) character file.

Game seed: 17654985010521663078

337 garrulousMonolith the Chopper (level 6, 0/53 HPs)
             Began as a Hill Orc Fighter on Aug 13, 2021.
             Slain by a gnoll sergeant (8 damage)
             ... on level 5 of the Dungeon.
             The game lasted 00:05:37 (4746 turns).

garrulousMonolith the Chopper (Hill Orc Fighter)    Turns: 4746, Time: 00:05:37

Health: 0/53       AC: 15    Str: 19    XL:     6   Next: 54%
Magic:  8/8        EV:  7    Int:  9    God:
Gold:   170        SH:  9    Dex: 11    Spells: 5/5 levels left

rFire    . . .     SeeInvis .   a - +0 war axe
rCold    + . .     Faith    .   c - +0 kite shield
rNeg     . . .     Spirit   .   y - +0 plate armour
rPois    .         Reflect  .   s - +0 helmet
rElec    .         Harm     .   B - +1 cloak of Starlight {*Dazzle EV+4 Stlth--}
rCorr    .         Rampage  .   (no gloves)
Will     .....                  (no boots)
Stlth    ..........             (no amulet)
HPRegen  0.17/turn              b - ring of protection from cold
MPRegen  0.11/turn              (no ring)

@: mighty, lethally poisoned (0 -> -24)
A: no striking features
a: no special abilities


You were on level 5 of the Dungeon.
You visited 2 branches of the dungeon, and saw 6 of its levels.

You collected 170 gold pieces.

Inventory:

Hand Weapons
 a - a +0 war axe (weapon)
 f - a +0 hunting sling
 u - the +3 spear of Wil Pine {vorpal, *Rage rElec rN+++ rCorr}
   (You found it on level 4 of the Dungeon)

   It inflicts extra damage upon your enemies.
   rElec:     It insulates you from electricity.
   rN:        It renders you almost immune to negative energy.
   *Rage:     It may make you go berserk in combat.
   rCorr:     It protects you from acid and corrosion.
Missiles
 g - 10 poisoned darts (quivered)
 h - 99 stones
 A - 2 javelins
Armour
 c - a +0 kite shield (worn)
 s - a +0 helmet (worn)
 t - the +5 ring mail "Ewyipsiatz" {rC++ Int+5 Dex-2}
   (You found it on level 4 of the Dungeon)

   Int:       It affects your intelligence (+5).
   Dex:       It affects your dexterity (-2).
   rC:        It greatly protects you from cold.
 y - a +0 plate armour (worn)
 B - the +1 cloak of Starlight (worn) {*Dazzle EV+4 Stlth--}
   (You found it on level 4 of the Dungeon)

   It may blind those who miss an attack against the wearer in melee combat.
   EV:        It affects your evasion (+4).
   Stlth:     It makes you much less stealthy.
Magical Staves
 x - a staff of poison
Jewellery
 b - a ring of protection from cold (left hand)
 m - a ring of ice
 z - a ring of wizardry
 C - a ring of willpower
Wands
 r - a wand of flame (16)
Scrolls
 d - 2 scrolls of magic mapping
 e - 3 scrolls of teleportation
 v - a scroll of enchant armour {unknown}
 w - a scroll of enchant weapon {unknown}
Potions
 i - 2 potions of mutation {unknown}
 j - a potion of heal wounds
 l - 2 potions of ambrosia {unknown}
 n - a potion of degeneration {unknown}
 o - 3 potions of flight
 p - 2 potions of curing {unknown}


   Skills:
 + Level 4.7 Fighting
 * Level 5.6 Axes
 + Level 4.4 Armour
 + Level 4.2 Shields
 + Level 3.0 Invocations


You had 5 spell levels left.
You didn't know any spells.
Your spell library contained the following spells:

 Spells                   Type           Power      Damage    Failure   Level
 Gell's Gravitas          Tloc           0%         N/A       100%        3
 Teleport Other           Tloc           0%         N/A       100%        3
 Dispersal                Tloc           0%         N/A       100%        6


Dungeon Overview and Level Annotations

Branches:
Dungeon (5/15)             Temple (1/1) D:4

Altars:
Cheibriados
Dithmenos
Gozag
Hepliaklqana
Kikubaaqudgha
Makhleb
Nemelex Xobeh
Okawaru
Qazlal
Uskayaw
Vehumet
Wu Jian
Xom
Yredelemnul
Zin

Shops:
D:5 :

Annotations:
D:3 2 runed translucent doors, lukano's ghost, amateur MiBe


Message History

You closely miss the gnoll. You slash the gnoll! The gnoll closely misses you.
The gnoll is temporarily struck blind!
The gnoll hits you but does no damage.
A centaur skeleton comes into view.
You block the gnoll's attack.
You slice the gnoll!!
You kill the gnoll!
You hit the gnoll. You block the gnoll's attack.
You strike the helpless gnoll from behind!
You slice the gnoll!!
You kill the gnoll!
You block the gnoll sergeant's attack.
You slash the gnoll!
The gnoll is heavily wounded.
The gnoll sergeant hits you from afar with a +5 spear of venom.
You are poisoned.
The gnoll sergeant barely misses you.
You slash the centaur skeleton!
The centaur skeleton is moderately damaged.
You barely miss the gnoll.
You feel very sick. The gnoll hits you with a +0 whip.
You block the centaur skeleton's attack.
The centaur skeleton kicks you but does no damage.
The gnoll sergeant hits you from afar with a +5 spear of venom!
You are lethally poisoned!
You block the gnoll's attack.
You feel very sick.
The centaur skeleton hits you but does no damage.
You block the centaur skeleton's attack.
The gnoll sergeant hits you with a +5 spear of venom.
You are more poisoned.
You see here a +0 club.
You slash the gnoll sergeant!
The gnoll sergeant is heavily wounded.
You slash the gnoll!
You kill the gnoll!
* * * LOW HITPOINT WARNING * * *
You feel extremely sick.
The gnoll sergeant hits you with a +5 spear of venom!
You die...

..##.#.PP P#
........[PPPP.#
..........PP..#
..............#
...........#..#
#........$....#
#.............#
#.....8.g.8...#
.......@Z....##
........<....##.#
..........[.....#
......8.)[∩...8.#
####............#
#........>...#
$.............+#
......)..8...8..
.........#......#


You could see a gnoll sergeant and a centaur skeleton.

Vanquished Creatures
  A scorpion (D:4)
  A howler monkey (D:4)
  Robin (D:4)
  6 adders
  4 gnolls
  A worm (D:2)
  A dart slug (D:2)
  10 orcs
  11 ball pythons
  9 bats
  7 endoplasms
  4 giant cockroaches
  15 goblins
  14 hobgoblins
  12 jackals
  11 kobolds
  4 quokkas
  6 frilled lizards
  6 rats
124 creatures vanquished.

Notes
Turn   | Place    | Note
-------+----------+-------------------------------------------
     0 | D:1      | garrulousMonolith the Hill Orc Fighter began the quest for
                  | the Orb.
     0 | D:1      | Reached XP level 1. HP: 19/19 MP: 1/1
   148 | D:1      | Reached skill level 3 in Axes
   148 | D:1      | Reached XP level 2. HP: 19/27 MP: 2/2
   284 | D:1      | Reached skill level 1 in Invocations
   484 | D:1      | Reached XP level 3. HP: 22/33 MP: 3/3
   754 | D:1      | Found a faded altar of an unknown god.
  1203 | D:2      | Reached XP level 4. HP: 39/40 MP: 5/5
  1205 | D:2      | Reached skill level 4 in Axes
  2005 | D:3      | Found a hide-covered altar of Uskayaw.
  2222 | D:3      | Found a runed translucent door.
  2235 | D:3      | Noticed lukano's ghost (amateur MiBe)
  2396 | D:3      | Reached XP level 5. HP: 29/46 MP: 6/6
  2615 | D:3      | Found a runed translucent door.
  3460 | D:4      | Noticed Robin
  3476 | D:4      | Killed Robin
  3477 | D:4      | Reached skill level 5 in Axes
  3485 | D:4      | Identified the +5 ring mail "Ewyipsiatz" {rC++ Int+5 Dex-2}
  3548 | D:4      | Found a stormy altar of Qazlal.
  3570 | D:4      | Identified the +3 spear of Wil Pine {vorpal, *Rage rElec
                  | rN+++ rCorr}
  3583 | D:4      | Found a shadowy altar of Dithmenos.
  3636 | D:4      | Reached XP level 6. HP: 38/53 MP: 6/8
  3904 | D:4      | Found a glowing silver altar of Zin.
  3942 | D:4      | Found the +1 cloak of Starlight {*Dazzle EV+4 Stlth--}
  4312 | D:4      | Found a staircase to the Ecumenical Temple.
  4326 | Temple   | Entered the Ecumenical Temple
  4607 | D:5      | Entered Level 5 of the Dungeon
  4607 | D:5      | Found Hagumix's Book Emporium.
  4746 | D:5      | Slain by a gnoll sergeant

Illustrated notes

Levels and vault maps discovered:
D:1:      dpeg_arrival_rhombi, layout_rooms, hellmonk_ecumenical_altar_zigzags,
          patterned_corridor
D:2:      layout_loops_cross, minmay_bisected
D:3:      minmay_skewed_foursquare, layout_basic,
          nicolae_uskayaw_murder_on_the_dancefloor, ebering_ghost_sewer_f,
          minmay_liquid_box, minmay_misc_feat_doors, minmay_cut_off
D:4:      layout_basic, grunt_dithmenos_smoke, grunt_qazlal_sundering,
          mainiacjoe_overflow_chevrons, temple_hall, minmay_misc_feat_encased,
          uniq_robin
D:5:      layout_basic, kennysheep_little_box, fedhas_bush_and_centaur_altar,
          serial_shops, nicolae_stop_n_shop_1, uniq_crazy_yiuf_cottage
Temple:   minmay_temple_curvy_loop

Skill      XL: |  1  2  3  4  5  6 |
---------------+-------------------+-----
Axes           | 3 4 5 |  5.6
Invocations    | 1 2 3 |  3.0
Fighting       | 4 |  4.7
Armour         | 4 |  4.4
Shields        | 4 |  4.2

Action                   |  1- 3 |  4- 6 || total
-------------------------+-------+-------++-------
Melee: War axe           |   102 |   232 ||   334
  Use: Potion            |     2 |     1 ||     3
       Scroll            |     1 |     2 ||     3
 Stab: Invisible         |       |     1 ||     1
Armor: Scale mail        |    61 |    67 ||   128
       Chain mail        |       |    30 ||    30
       Ring mail         |       |     9 ||     9
       Plate armour      |       |    39 ||    39
Dodge: Dodged            |    28 |    64 ||    92
Block: Kite shield       |    62 |   124 ||   186
